 Dungeon Crawl Stone Soup version 0.31-a0-996-g3b49de5836 (webtiles) character file.

Game seed: 8932029810943161079

319 Nedwor the Covered (level 6, -5/56 HPs)
             Began as a Minotaur Fighter on Nov 7, 2023.
             Slain by a gnoll
             ... wielding a +1 halberd of protection
             ... led by a gnoll bouda
              (14 damage)
             ... on level 4 of the Dungeon.
             The game lasted 00:05:21 (2986 turns).

Nedwor the Covered (Minotaur Fighter)               Turns: 2986, Time: 00:05:21

Health: -5/56      AC: 11    Str: 22    XL:     6   Next: 21%
Magic:  0/5        EV:  8    Int:  5    God:
Gold:   67         SH:  0    Dex: 10    Spells: 5/5 levels left

rFire   . . .        k - +0 war axe
rCold   . . .        g - orb {*Rage}
rNeg    . . .        p - +0 chain mail
rPois   .            (helmet restricted)
rElec   .            i - +0 cloak
rCorr   .            (no gloves)
SInv    .            (no boots)
Will    .....        h - amulet of guardian spirit Stlth
                     (no ring)
HPRegen 0.29/turn    (no ring)
MPRegen 0.09/turn

%: random rage (20%), guardian spirit
@: mighty, on berserk cooldown, slowed, very slow
A: horns 2, retaliatory headbutt
a: no special abilities


You were on level 4 of the Dungeon.
You visited 1 branch of the dungeon, and saw 4 of its levels.

You collected 67 gold pieces.

Inventory:

Hand Weapons
 k - a +0 war axe (weapon)
Armour
 c - a +0 buckler
 g - an orb of wrath (worn)
 i - a +0 cloak (worn)
 p - a +0 chain mail (worn)
Jewellery
 h - an amulet of guardian spirit (around neck)
Wands
 b - a wand of digging (7)
 o - a wand of roots (8)
Scrolls
 f - 4 scrolls of identify
Potions
 e - a potion of magic
 m - 3 potions of haste


   Skills:
 + Level 5.2 Fighting
 * Level 3.4(4.2) Axes
 - Level 3.5(4.2) Maces & Flails
 + Level 5.2 Armour
 - Level 4.5 Shields


You had 5 spell levels left.
You didn't know any spells.
Your spell library was empty.

Dungeon Overview and Level Annotations

Branches:
Dungeon (4/15)
 Temple: D:4-7

Altars:

Shops:
D:2 *

Annotations:
D:4 3 runed translucent doors, Dado's ghost, novice OpMo


Innate Abilities, Weirdness & Mutations

You have a pair of horns on your head.
You reflexively headbutt those who attack you in melee.


Message History

You barely miss the gnoll. You slash the gnoll!
You kill the gnoll!
The gnoll barely misses you. The gnoll hits you with a +0 flail!
Your Fighting skill increases to level 5!
Your Armour skill increases to level 5!
The gnoll attacks as it pursues you! The gnoll barely misses you.
Items here: ( )) ††.
You barely miss the gnoll. The gnoll barely misses you.
You barely miss the gnoll. The gnoll barely misses you.
The gnoll hits you with a +0 flail.
You barely miss the gnoll. Your headbutt misses the gnoll.
The gnoll hits you with a +0 flail.
* * * LOW HITPOINT WARNING * * *
You are no longer berserk.
You are exhausted.
You feel yourself slow down. The ogre attacks as it pursues you!
The ogre hits you but does no damage.
You barely miss the ogre. The ogre closely misses you.
You barely miss the ogre.
The gnoll hits you from afar with a +1 halberd of protection.
* * * LOW HITPOINT WARNING * * *
The ogre barely misses you.
You slash the ogre! You headbutt the ogre!
The ogre is severely wounded.
The ogre barely misses you. You furiously retaliate!
You headbutt the ogre!
You kill the ogre!
The gnoll bouda hits you with a +0 whip.
* * * LOW HITPOINT WARNING * * *
The gnoll barely misses you.
Your base Axes skill increases to level 3!
You have reached level 6!
You slash the gnoll bouda! Your headbutt misses the gnoll bouda.
The gnoll bouda is almost dead.
The gnoll is no longer moving quickly.
The gnoll bouda barks out a call to the hunt!
The gnoll picks up the pace!
The gnoll hits you from afar with a +1 halberd of protection.
* * * LOW HITPOINT WARNING * * *
The gnoll hits you from afar with a +1 halberd of protection!
You die...

#((.....#
#....# ...
#...8.(.#
#...##
###########...#
.....###...##
##....<.....#
>.######...#
..# ###....#
#.###g..#.##
#.#g)@#...#
##.#g###..##
#..)†g....#
#.....##.##
#....###....#
.!...#. #.###
.... .. ... ..#
#.. ..## # ##.
...


You could see a gnoll bouda and 2 gnolls.

Vanquished Creatures
  An ogre (D:4)
  A scorpion (D:4)
  Jessica (D:3)
  Ijyb (D:3)
  3 gnolls (D:4)
  4 adders
  A dart slug (D:2)
  3 worms
  4 ball pythons
  An endoplasm (D:1)
  2 giant cockroaches
  4 goblins
  5 hobgoblins
  2 jackals (D:2)
  5 kobolds
  2 quokkas
  4 bats
  A frilled lizard (D:2)
  4 rats
49 creatures vanquished.

Notes
Turn   | Place    | Note
-------+----------+-------------------------------------------
     0 | D:1      | Nedwor the Minotaur Fighter began the quest for the Orb.
     0 | D:1      | Reached XP level 1. HP: 19/19 MP: 0/0
   173 | D:1      | Reached XP level 2. HP: 22/27 MP: 1/1
   688 | D:2      | Reached XP level 3. HP: 21/33 MP: 2/2
   863 | D:2      | Found Arhaj's Assorted Antiques.
  1081 | D:2      | You fall into a shaft and drop 1 floor!
  1116 | D:3      | Noticed Jessica
  1130 | D:3      | HP: 1/33 [Jessica/nerve-wracking pain (9)]
  1131 | D:3      | Killed Jessica
  1132 | D:3      | Reached skill level 1 in Axes
  1132 | D:3      | Reached XP level 4. HP: 2/41 MP: 3/3
  1877 | D:3      | Noticed Ijyb
  1892 | D:3      | Killed Ijyb
  2594 | D:3      | Identified the +3 whip "Tuecoram" {pain, rN+ Str+3}
  2714 | D:4      | Found a runed translucent gate.
  2715 | D:4      | Found a runed translucent gate.
  2717 | D:4      | Reached XP level 5. HP: 47/47 MP: 4/4
  2717 | D:4      | Found a runed translucent gate.
  2718 | D:4      | Noticed Dado's ghost (novice OpMo)
  2971 | D:4      | Noticed an ogre
  2978 | D:4      | Reached skill level 5 in Fighting
  2978 | D:4      | Reached skill level 5 in Armour
  2985 | D:4      | Killed an ogre
  2986 | D:4      | Reached XP level 6. HP: 9/56 MP: 1/5
  2986 | D:4      | Slain by a gnoll

Illustrated notes

Levels and vault maps discovered:
D:1:      amcnicky_arrival_flooded_fountain, layout_rooms,
          minmay_misc_feat_encased, kennysheep_another_room,
          corexii_corridor_pit
D:2:      layout_basic, serial_shops, nicolae_shop_tiny_real_fake_doors
D:3:      layout_basic, serial_corexii_hall, chequers_hall_statues_wall_a,
          corexii_hall_statues_t, uniq_ijyb, uniq_jessica
D:4:      minmay_skewed_foursquare, layout_rooms, mainiacjoe_overflow_big_doors,
          mainiacjoe_overflow_six_doors_small, ebering_ghost_rock_garden,
          kennysheep_generic_room_12

Skill      XL: |  1  2  3  4  5 |
---------------+----------------+-----
Maces & Flails | 3 |  3.5
Fighting       | 4 5 |  5.2
Armour         | 4 5 |  5.2
Shields        | 4 |  4.5
Axes           | 1 3 |  3.4

Action                     |  1- 3 |  4- 6 || total
---------------------------+-------+-------++-------
  Melee: Flail             |    73 |    27 ||   100
         Headbutt          |     3 |     8 ||    11
         Whip              |       |     4 ||     4
         War axe           |       |    15 ||    15
    Use: Scroll            |       |     8 ||     8
         Potion            |       |     1 ||     1
 Armour: Scale mail        |    55 |    10 ||    65
         Chain mail        |       |    26 ||    26
  Dodge: Dodged            |    39 |    30 ||    69
  Block: Buckler           |     7 |     8 ||    15

Table legend: (Time is in decaauts)
 A = Elapsed time spent in this place.
 B = Non-inter-level travel time spent in this place.
 C = Inter-level travel time spent in this place.
 D = Time resting spent in this place.
 E = Time spent auto-exploring this place.
 F = Levels seen in this place.
 G = Mean time per level.
                   A        B        C        D        E       F      G
               +--------+--------+--------+--------+--------+-----+--------+
         Total |   3021 |   2938 |     83 |    874 |   1626 |   4 |  755.2 |
       Dungeon |   3021 |   2938 |     83 |    874 |   1626 |   4 |  755.2 |
               +--------+--------+--------+--------+--------+-----+--------+

Top non-repeatable levels by time:
     D:3: 1266 daAuts
     D:2: 879 daAuts
     D:1: 584 daAuts
     D:4: 291 daAuts
